 Dungeon Crawl Stone Soup version 0.24-a0-269-g32ec7ca (webtiles) character file.

Game seed: 15360343493200581127

37430 Laiders72 the Basher (level 13, 0/123 HPs)
             Began as a Deep Dwarf Fighter on Apr 21, 2019.
             Was the Champion of Makhleb.
             Slain by a fire giant
             ... wielding a +1 great mace of holy wrath
              (16 damage)
             ... on level 14 of the Dungeon.
             The game lasted 00:47:07 (12051 turns).

Laiders72 the Basher (Deep Dwarf Fighter)          Turns: 12051, Time: 00:47:07

Health: 0/123      AC: 20    Str: 23    XL:     13   Next: 58%
Magic:  18/18 (9)  EV: 14    Int: 10    God:    Makhleb [******]
Gold:   956        SH: 12    Dex: 13    Spells: 12/12 levels left

rFire    . . .     SeeInvis +   H - +6 mace "Byecar" {crush, +Fly MP+9}
rCold    . . .     Gourm    .   c - +0 shield
rNeg     . . .     Faith    +   R - +5 ring mail "Faerey" {SInv}
rPois    .         Spirit   .   U - +2 hat
rElec    .         Reflect  .   (no cloak)
rCorr    +         Harm     .   h - +2 pair of gloves
MR       +....                  (no boots)
Stlth    +.........             y - amulet of faith
HPRegen  0.00/turn              w - ring of resist corrosion
MPRegen  0.16/turn              g - +3 ring of protection

@: lethally poisoned (0 -> -74), non-regenerating, hasted, very quick
A: damage resistance, heal wounds, sense surroundings 2, no regeneration
a: Heal Wounds, Minor Destruction, Lesser Servant of Makhleb, Major Destruction,
Greater Servant of Makhleb, Renounce Religion, Evoke Flight


You were on level 14 of the Dungeon.
You worshipped Makhleb.
Makhleb was exalted by your worship.
You were not hungry.

You visited 2 branches of the dungeon, and saw 15 of its levels.
You also visited: Bailey.

You collected 956 gold pieces.

Inventory:

Hand Weapons
 H - the +6 mace "Byecar" (weapon) {crush, +Fly MP+9}
   (You found it on level 8 of the Dungeon)

   It inflicts extra damage upon your enemies.
   It affects your magic capacity (+9).
   It lets you fly.
 J - a +2 hunting sling of velocity
Missiles
 l - 7 javelins (quivered)
 v - 11 tomahawks
 I - 67 sling bullets
 L - 2 throwing nets
Armour
 c - a +0 shield (worn)
 h - a +2 pair of gloves (worn)
 R - the +5 ring mail "Faerey" (worn) {SInv}
   (You found it in a bailey)

   It lets you see invisible.
 U - a +2 hat (worn)
Jewellery
 g - a +3 ring of protection (right hand)
 w - a ring of resist corrosion (left hand)
 y - an amulet of faith (around neck)
Wands
 a - a wand of disintegration (16)
 x - a wand of enslavement (8)
 G - a wand of digging (7)
 N - a wand of polymorph (12)
 S - a wand of iceblast (17)
 T - a wand of flame (12)
Scrolls
 b - 2 scrolls of vulnerability {unknown}
 e - 9 scrolls of remove curse
 i - 3 scrolls of blinking
 j - a scroll of fog
 o - 7 scrolls of enchant weapon
 r - 5 scrolls of magic mapping
 s - 2 scrolls of random uselessness {unknown}
 u - 3 scrolls of immolation
 z - 3 scrolls of amnesia
 B - 4 scrolls of enchant armour {unknown}
 C - a scroll of silence {unknown}
 E - a scroll of fear
 Q - a scroll of acquirement {unknown}
Potions
 k - 7 potions of curing
 m - a potion of brilliance
 n - 2 potions of haste
 p - 2 potions of invisibility
 q - a potion of mutation {unknown}
 t - a potion of cancellation {unknown}
 A - 5 potions of agility
 D - a potion of ambrosia {unknown}
 M - a potion of might
 O - a potion of magic {unknown}
 P - a potion of experience {unknown}
Miscellaneous
 K - a lightning rod (4/4)
Comestibles
 f - 43 rations


   Skills:
 - Level 10.0 Fighting
 * Level 14.5 Maces & Flails
 - Level 10.0 Armour
 + Level 7.1 Dodging
 + Level 8.7 Shields
 + Level 10.8 Invocations


You had 12 spell levels left.
You didn't know any spells.
Your spell library contained the following spells:

 Spells                   Type           Power        Failure   Level  Hunger
 Corona                   Hex            #......      77%         1    ##.....
 Magic Dart               Conj           #...         77%         1    ##.....
 Blink                    Tloc           N/A          88%         2    ###....
 Call Imp                 Summ           #.......     88%         2    ###....
 Searing Ray              Conj           #.....       88%         2    ###....
 Slow                     Hex            #.......     88%         2    ###....
 Conjure Flame            Conj/Fire      #.......     98%         3    ####...
 Dazzling Spray           Conj/Hex       #.....       98%         3    ####...
 Inner Flame              Hex/Fire       #.......     98%         3    ####...
 Mephitic Cloud           Conj/Pois/Air  #.......     98%         3    ####...
 Portal Projectile        Hex/Tloc       #.....       98%         3    ####...
 Cause Fear               Hex            #.........   100%        4    #####..
 Force Lance              Conj/Tloc      #.......     100%        4    #####..
 Fulminant Prism          Conj/Hex       #.........   100%        4    #####..
 Iskenderun's Mystic Bla  Conj           #.......     100%        4    #####..
 Leda's Liquefaction      Hex/Erth       #.........   100%        4    #####..


Dungeon Overview and Level Annotations

Branches:
Dungeon (14/15)            Temple (1/1) D:4            Lair (0/6) D:8
    Orc (0/2) D:11         Vaults (0/5) D:14

Altars:
Ashenzari
Cheibriados
Dithmenos
Elyvilon
Fedhas
Gozag
Hepliaklqana
Kikubaaqudgha
Makhleb
Nemelex Xobeh
Okawaru
Qazlal
Ru
Sif Muna
Trog
Uskayaw
Vehumet
Wu Jian
Xom
Yredelemnul
Zin
The Shining One

Annotations:
D:8 exclusions: ice statue and obsidian statue


Innate Abilities, Weirdness & Mutations

You are resistant to damage.
You can heal yourself by infusing magical energy.
You passively map the area around you.
You do not regenerate.


Message History

The tengu reaver hits you with a +1 war axe of venom!!
You are lethally poisoned!
The tengu reaver pecks you but does no damage.
You block the tengu reaver's attack.
The fire giant points at you and mumbles some strange words.
The bolt of fire misses you.
You feel much better.
You feel very sick. The fire giant casts a spell at you.
The bolt of fire hits you!
* * * LOW HITPOINT WARNING * * *
The tengu reaver hits you with a +1 war axe of venom!
* * * LOW HITPOINT WARNING * * *
You are more poisoned.
The tengu reaver closely misses you. x2
You feel yourself speed up.
* * * LOW HITPOINT WARNING * * *
You feel extremely sick.
The fire giant hits you with a +1 great mace of holy wrath!!
You die...

#............................
#....................###.....
#..........(......##.....###.
#..........................##
#......................#.#...
##...<..######......#####..###
#..)....#.*(.####...........(.
##......#...C...###.######.))#
#.)#####...Q@.().### ###(#
##)).####'#####'#### #)(
###..##...* #...#.##########
#####.^#○... ##..).##..<.....
##......#Q*..C ##.#..#########
##.......####### ###..# * *##
#........# * * #..## ..
#........# , * #...# * *##
###(.......# * * , #...#


You could see a fire giant, a tengu reaver and a battlesphere.

Vanquished Creatures
  An orc warlord (Bailey)
  Harold (D:11)
  3 hydras
  2 vault guards (D:14)
  4 centaur warriors
  A tengu warrior (D:13)
  4 skeletal warriors (D:14)
  3 unseen horrors
  3 wizards (D:14)
  A phantasmal warrior (D:14)
  2 necromancers (D:14)
  A wolf spider (D:14)
  7 ugly things
  An orc knight (D:14)
  2 cyclopes (D:14)
  A manticore (D:14)
  3 centaur zombies
  Joseph (D:9)
  A centaur skeleton (D:11)
  A kobold demonologist (D:12)
  A komodo dragon (D:12)
  A freezing wraith (D:14)
  3 trolls
  4 tengu conjurers
  3 slime creatures (D:12)
  A queen bee (D:9)
  A hornet (D:13)
  3 hippogriffs
  3 wyverns
  A spriggan (D:7)
  18 humans (D:14)
  A basilisk (D:11)
  Menkaure (D:7)
  4 hungry ghosts
  A soldier ant (shapeshifter) (D:13)
  Duvessa (D:7)
  A water moccasin (D:7)
  A swamp drake (D:11)
  8 orc warriors
  4 phantoms
  4 ice beasts
  A sky beast (D:14)
  7 ogres
  2 eyes of draining
  2 necrophages
  10 centaurs
  2 big kobolds
  11 bullfrogs
  Dowan (D:7)
  2 wyvern skeletons
  3 scorpions
  41 killer bees
  2 howler monkeys
  2 bullfrog zombies
  4 crimson imps
  2 quasits
  4 hounds
  11 orc priests
  6 jellies
  10 orc wizards
  2 bullfrog skeletons
  Jessica (D:3)
  Natasha (thrice) (D:4)
  2 iguanas
  9 worker ants
  A hound skeleton (D:8)
  A howler monkey zombie (D:11)
  3 worker ant zombies
  3 gnolls (D:6)
  8 adders
  5 shadow imps
  An ooze (D:3)
  An adder zombie (D:6)
  2 adder skeletons (D:8)
  2 dart slugs
  7 leopard geckos
  59 orcs
  3 ball pythons
  6 bats
  7 giant cockroaches
  5 hobgoblins
  2 jackals (D:9)
  28 kobolds
  3 quokkas
  3 frilled lizards
  11 goblins
  A jackal zombie (D:5)
  A leopard gecko skeleton (D:7)
  A leopard gecko zombie (D:6)
  2 quokka skeletons
  5 rats
419 creatures vanquished.

Vanquished Creatures (others)
  A centaur (D:9)
  A big kobold (D:9)
  A hound (D:9)
  A howler monkey skeleton (D:7)
4 creatures vanquished.

Grand Total: 423 creatures vanquished

Notes
Turn   | Place    | Note
-------+----------+-------------------------------------------
     0 | D:1      | Laiders72 the Deep Dwarf Fighter began the quest for the
                  | Orb.
     0 | D:1      | Reached XP level 1. HP: 20/20 MP: 1/1
   166 | D:1      | Reached XP level 2. HP: 27/27 MP: 2/2
   829 | D:2      | Reached XP level 3. HP: 34/34 MP: 3/3
  1360 | D:3      | Reached skill level 3 in Maces & Flails
  1360 | D:3      | Reached XP level 4. HP: 37/42 MP: 4/4
  1541 | D:3      | Noticed Jessica
  1556 | D:3      | Killed Jessica
  1994 | D:4      | Reached XP level 5. HP: 37/50 MP: 5/5
  2055 | D:4      | Found an ornate altar of the Wu Jian Council.
  2125 | D:4      | Noticed Natasha
  2133 | D:4      | Killed Natasha
  2146 | D:4      | Noticed Natasha
  2160 | D:4      | Killed Natasha
  2173 | D:4      | Noticed Natasha
  2190 | D:4      | Killed Natasha
  2190 | D:4      | Reached skill level 4 in Maces & Flails
  2195 | D:4      | Found a staircase to the Ecumenical Temple.
  2370 | Temple   | Entered the Ecumenical Temple
  2537 | Temple   | Became a worshipper of Makhleb the Destroyer
  2635 | D:5      | Entered Level 5 of the Dungeon
  2635 | D:5      | Noticed a phantom
  2711 | D:5      | Killed a phantom
  2711 | D:5      | Reached XP level 6. HP: 52/58 MP: 5/5
  2832 | D:5      | Reached skill level 5 in Fighting
  2843 | D:5      | Reached skill level 5 in Maces & Flails
  2843 | D:5      | Reached XP level 7. HP: 53/67 MP: 6/6
  2998 | D:5      | Reached skill level 5 in Shields
  3188 | D:5      | Found a shattered altar of Ashenzari.
  3303 | D:5      | Reached skill level 6 in Maces & Flails
  3336 | D:5      | Reached * piety under Makhleb
  3765 | D:6      | Reached XP level 8. HP: 63/76 MP: 6/6
  4087 | D:6      | Found an iron altar of Okawaru.
  4568 | D:7      | Reached skill level 7 in Maces & Flails
  4696 | D:7      | Reached ** piety under Makhleb
  4728 | D:7      | Found a radiant altar of Vehumet.
  4758 | D:7      | Noticed Menkaure
  4778 | D:7      | Killed Menkaure
  4836 | D:7      | Gained mutation: You passively map the area around you.
                  | [Deep Dwarf growth]
  4836 | D:7      | Reached XP level 9. HP: 34/86 MP: 5/5
  4864 | D:7      | Noticed Duvessa
  4864 | D:7      | Noticed Dowan
  4900 | D:7      | Killed Duvessa
  4921 | D:7      | Reached skill level 8 in Maces & Flails
  4923 | D:7      | Killed Dowan
  5030 | D:7      | HP: 3/87 [killer bee (4)]
  5304 | D:8      | Found an opulent altar of Gozag.
  5500 | D:8      | Found a staircase to the Lair.
  5551 | D:8      | Reached skill level 9 in Maces & Flails
  5566 | D:8      | Reached *** piety under Makhleb
  5808 | D:8      | Got a smoking mace
  5809 | D:8      | Identified the +6 mace "Byecar" {crush, +Fly MP+9} (You
                  | found it on level 8 of the Dungeon)
  5952 | D:8      | Noticed an ice statue
  6056 | D:8      | Noticed an obsidian statue
  6458 | D:9      | Reached XP level 10. HP: 62/98 MP: 3/3
  6524 | D:9      | Found a shimmering altar of Xom.
  6585 | D:9      | Reached **** piety under Makhleb
  6590 | D:9      | Noticed Joseph
  6607 | D:9      | Killed Joseph
  6822 | D:9      | Reached skill level 10 in Maces & Flails
  7127 | D:10     | Entered Level 10 of the Dungeon
  7177 | D:10     | Reached skill level 10 in Fighting
  7326 | D:10     | Reached skill level 11 in Maces & Flails
  7500 | D:10     | Reached ***** piety under Makhleb
  7723 | D:11     | Noticed a red ugly thing
  7740 | D:11     | Killed a red ugly thing
  7751 | D:11     | Noticed Harold
  7772 | D:11     | Noticed a centaur warrior
  7775 | D:11     | Killed Harold
  7775 | D:11     | Reached skill level 12 in Maces & Flails
  7775 | D:11     | Reached XP level 11. HP: 56/107 MP: 4/4
  7784 | D:11     | Killed a centaur warrior
  8078 | D:11     | Noticed a white ugly thing
  8094 | D:11     | Killed a white ugly thing
  8271 | D:11     | Killed an unseen horror
  8271 | D:11     | Reached skill level 13 in Maces & Flails
  8484 | D:11     | Found a staircase to the Orcish Mines.
  8657 | D:11     | Upgraded the game from 0.24-a0-264-gf46a388 to
                  | 0.24-a0-269-g32ec7ca
  8792 | D:12     | Found a flagged portal.
  8800 | D:12     | Killed an unseen horror
  8800 | D:12     | Reached skill level 1 in Dodging
  8800 | D:12     | Reached skill level 1 in Invocations
  8813 | Bailey   | Entered a bailey
  8837 | Bailey   | Noticed an orc warlord
  8942 | Bailey   | Found a runed translucent gate.
  8942 | Bailey   | Found a runed translucent gate.
  8945 | Bailey   | Found a runed translucent gate.
  9100 | Bailey   | Killed an orc warlord
  9142 | Bailey   | Got a jewelled ring mail
  9153 | Bailey   | Identified the +5 ring mail "Faerey" {SInv} (You found it
                  | in a bailey)
  9250 | D:12     | Reached ****** piety under Makhleb
  9381 | D:12     | Noticed an unseen horror
  9392 | D:12     | Killed an unseen horror
  9523 | D:12     | Reached XP level 12. HP: 110/116 MP: 4/4
  9594 | D:12     | Reached skill level 14 in Maces & Flails
  9602 | D:12     | Reached skill level 5 in Armour
 10164 | D:13     | Got a sparkling jade ring
 10166 | D:13     | Identified the ring "Mafoiguo" {*Tele rElec rPois Str+4
                  | Slay-3} (You found it on level 13 of the Dungeon)
 10185 | D:13     | Reached skill level 5 in Invocations
 10265 | D:13     | Noticed a five-headed hydra
 10278 | D:13     | Killed a five-headed hydra
 10412 | D:13     | Noticed a tengu warrior
 10419 | D:13     | Reached skill level 5 in Dodging
 10429 | D:13     | Killed a tengu warrior
 10460 | D:13     | Noticed a centaur warrior
 10470 | D:13     | Killed a centaur warrior
 10641 | D:14     | Noticed a centaur warrior
 10650 | D:14     | Noticed a six-headed hydra
 10658 | D:14     | Killed a centaur warrior
 10668 | D:14     | Killed a six-headed hydra
 10996 | D:14     | Reached XP level 13. HP: 63/123 MP: 9/9
 11251 | D:14     | Reached skill level 10 in Invocations
 11362 | D:14     | Reached skill level 10 in Armour
 11384 | D:14     | Found a gate to the Vaults.
 11693 | D:14     | Noticed a tengu reaver
 11701 | D:14     | Noticed a fire giant
 12051 | D:14     | Slain by a fire giant

Levels and vault maps discovered:
D:1:      ncdulo_smallfort, layout_rooms
D:2:      layout_loops_ring, chequers_arboretum
D:3:      layout_loops_corners, uniq_jessica
D:4:      layout_cave_pools, nicolae_overflow_crystal_walls, temple_pool_b,
          uniq_natasha
D:5:      layout_loops_corners, kennysheep_mini, first_ration
D:6:      layout_basic, kennysheep_okawaru_gauntlet
D:7:      layout_cave_pools, fiery_altar_vehumet, the_bakery, uniq_duvessa,
          uniq_menkaure
D:8:      minmay_separated_statues, layout_cave_pods, lair_entry_dummy,
          nicolae_gozag_seed_capital
D:9:      layout_roguey [special_room_bee], xom_confusion_cloud, uniq_joseph
D:10:     layout_loops_ring, grunt_ministairs_9
D:11:     layout_cave_pools, erik_orc_1, hangedman_abyss_or_decor_stabs,
          uniq_harold
D:12:     layout_irregular_city, enter_bailey_2
D:13:     layout_loops_ring, grunt_decor_cap
D:14:     minmay_sliced_demisemicircle, layout_rooms, grunt_vaults_entry_tiered
Temple:   dpeg_five_rooms_temple
Bailey:   bailey_axe_bossmonster_kennysheep, bailey

Skill      XL: |  1  2  3  4  5  6  7  8  9 10 11 12 13 |
---------------+----------------------------------------+-----
Fighting       | 3 4 5 6 7 8 10 | 10.0
Maces & Flails | 3 4 5 6 7 9 12 13 14 | 14.5
Shields        | 4 5 6 7 8 |  8.7
Dodging        | 3 6 7 |  7.1
Invocations    | 3 9 10 | 10.8
Armour         | 4 8 10 | 10.0

Action                   |  1- 3 |  4- 6 |  7- 9 | 10-12 | 13-15 || total
-------------------------+-------+-------+-------+-------+-------++-------
Melee: Flail             |   120 |   165 |   555 |       |       ||   840
       Mace              |       |       |    53 |   917 |   318 ||  1288
 Fire: Hunting sling     |       |       |       |    30 |       ||    30
Throw: Javelin           |     3 |       |       |       |       ||     3
 Abil: Heal Wounds       |       |     4 |    27 |     9 |    15 ||    55
  Use: Scroll            |       |     4 |    10 |     3 |     2 ||    19
       Potion            |       |       |     2 |     1 |     2 ||     5
 Stab: Confused          |       |       |       |     1 |       ||     1
  Eat: Chunk             |     1 |     6 |    14 |    18 |     3 ||    42
       Ration            |       |       |       |       |     1 ||     1
Armor: Chain mail        |    89 |    80 |   169 |       |       ||   338
       Scale mail        |     4 |       |       |       |       ||     4
       Plate armour      |       |       |   359 |   451 |       ||   810
       Ring mail         |       |       |       |   144 |   106 ||   250
Dodge: Dodged            |    32 |    34 |   184 |   285 |   117 ||   652
Block: Shield            |    86 |    72 |   562 |   636 |   134 ||  1490
       Buckler           |       |       |    14 |       |       ||    14

Table legend:
 A = Non-vault XP
 B = Vault XP
 C = Vault XP percentage of total XP
 D = Non-vault monster count
 E = Vault monster count
 F = Vault count percentage of total count
                 A         B        C        D         E       F
            +---------+---------+-------+---------+---------+-------
      Total |   32726 |   20746 |  38.8 |     299 |     120 |  28.6
            +---------+---------+-------+---------+---------+-------
        D:1 |      30 |       0 |   0.0 |      15 |       0 |   0.0
        D:2 |      16 |       0 |   0.0 |       9 |       0 |   0.0
        D:3 |      77 |      37 |  32.5 |      17 |       1 |   5.6
        D:4 |     125 |      35 |  21.9 |       8 |       1 |  11.1
        D:5 |    1045 |       0 |   0.0 |      23 |       0 |   0.0
        D:6 |     482 |       0 |   0.0 |      19 |       0 |   0.0
        D:7 |    1407 |     629 |  30.9 |      30 |       4 |  11.8
        D:8 |    1496 |       0 |   0.0 |      29 |       0 |   0.0
        D:9 |     710 |    2638 |  78.8 |      21 |      30 |  58.8
       D:10 |    1197 |     273 |  18.6 |      14 |       6 |  30.0
       D:11 |    4518 |    1588 |  26.0 |      34 |      18 |  34.6
       D:12 |    4727 |       0 |   0.0 |      25 |       0 |   0.0
       D:13 |    6595 |       0 |   0.0 |      20 |       0 |   0.0
       D:14 |   10301 |   13634 |  57.0 |      35 |      33 |  48.5
     Bailey |       0 |    1912 | 100.0 |       0 |      27 | 100.0
            +---------+---------+-------+---------+---------+-------
